 Dungeon Crawl Stone Soup version 0.28.0-53-g5a82cb258f (webtiles) character file.

Game seed: 14386990110548181139

10444 firemarshallily the Frost Mage (level 11, -33/72 HPs)
             Began as a Merfolk Ice Elementalist on May 24, 2022.
             Was an Initiate of Qazlal.
             Killed from afar by Fannar (43 damage)
             ... with a bolt of cold
             ... on level 10 of the Dungeon on May 26, 2022.
             The game lasted 01:09:07 (11022 turns).

firemarshallily the Frost Mage (MfIE)              Turns: 11022, Time: 01:09:08

Health: -33/72     AC: 13    Str:  9    XL:     11   Next: 62%
Magic:  25/25      EV: 13    Int: 18    God:    Qazlal [......]
Gold:   693        SH:  5    Dex: 19    Spells: 17/31 levels left

rFire   . . .      SeeInvis +   C - +0 trident (protect)
rCold   x . .      Faith    .   G - +0 buckler {AC+3}
rNeg    . . .      Spirit   .   L - +0 steam dragon scales
rPois   .          Reflect  .   (no helmet)
rElec   .          Harm     .   M - +2 cloak
rCorr   .          Rampage  .   (no gloves)
Will    .....                   (no boots)
Stlth   ++........              h - amulet of regeneration
HPRegen 1.02/turn               l - ring "Xutajimo" {Fire Dex+4}
MPRegen 0.19/turn               e - ring of see invisible

@: invisible, fire susceptible
A: (nimble swimmer 2), mertail, iridescent scales 1, MP-powered wands, sturdy
frame 1
a: Renounce Religion


You were on level 10 of the Dungeon.
You worshipped Qazlal.
Qazlal was noncommittal.
You visited 2 branches of the dungeon, and saw 11 of its levels.
You also visited: Ossuary and Bailey.

You collected 693 gold pieces.

Inventory:

Hand Weapons
 C - a +0 trident of protection (weapon)
Missiles
 f - 103 stones
 r - 17 poisoned darts
 v - 3 silver boomerangs (quivered)
 A - 4 curare-tipped darts
 B - 4 atropa-tipped darts
 J - a throwing net
Armour
 k - a +2 leather armour of cold resistance
 G - a +0 buckler of protection (worn)
 L - +0 steam dragon scales (worn)
 M - a +2 cloak (worn)
Jewellery
 e - a ring of see invisible (right hand)
 h - an amulet of regeneration (around neck)
 l - the ring "Xutajimo" (left hand) {Fire Dex+4}
   (You found it in a bailey)

   [ring of fire]

   It enhances your fire magic.
   Dex:       It affects your dexterity (+4).
   rF:        It protects you from fire.
   rC:        It makes you vulnerable to cold.
 y - a ring of flight
 F - a ring of fire
Wands
 b - a wand of mindburst (24)
 n - a wand of flame (10)
 z - a wand of polymorph (9)
 H - a wand of paralysis (20)
 I - a wand of iceblast (17)
Scrolls
 c - 2 scrolls of amnesia
 d - 4 scrolls of teleportation
 j - 3 scrolls of fog
 D - a scroll of summoning
 K - 2 scrolls of identify
Potions
 g - 2 potions of lignification
 i - 4 potions of curing
 m - a potion of invisibility
 o - a potion of mutation
 p - a potion of attraction
 q - 2 potions of flight {unknown}
 s - a potion of berserk rage {unknown}
 t - 3 potions of brilliance {unknown}
 u - a potion of magic {unknown}
 w - 2 potions of haste
 x - 4 potions of resistance {unknown}
 E - 3 potions of heal wounds


   Skills:
 + Level 2.2 Fighting
 + Level 11.0 Polearms
 - Level 3.0 Dodging
 - Level 2.1 Stealth
 - Level 2.0 Shields
 * Level 10.6 Spellcasting
 * Level 13.0 Ice Magic


You had 17 spell levels left.
You knew the following spells:

 Your Spells              Type           Power      Damage    Failure   Level
a - Freeze                Ice            100%       1d11      1%          1
b - Frozen Ramparts       Ice            100%       1d12      1%          3
c - Ozocubu's Armour      Ice            54%        N/A       1%          3
d - Hailstorm             Conj/Ice       33%        3d8       7%          4
e - Magic Dart            Conj           36%        1d4       10%         1
f - Call Imp              Summ           9%         N/A       16%         2

Your spell library contained the following spells:

 Spells                   Type           Power      Damage    Failure   Level
 Confusing Touch          Hex            9%         N/A       30%         3
 Mephitic Cloud           Conj/Pois/Air  9%         N/A       30%         3
 Freezing Cloud           Conj/Ice/Air   12%        6-21      43%         5
 Animate Armour           Summ/Erth      18%        N/A       69%         4
 Animate Dead             Necr           4%         N/A       69%         4
 Simulacrum               Ice/Necr       16%        N/A       71%         6
 Blade Hands              Tmut           4%         N/A       95%         5
 Irradiate                Conj/Tmut      4%         3d14      95%         5
 Yara's Violent Unravell  Hex/Tmut       4%         3d4       95%         5
 Dispersal                Tloc           4%         N/A       100%        6
 Iron Shot                Conj/Erth      4%         9d2       100%        6
 Dragon Form              Tmut           4%         N/A       100%        7
 Enfeeble                 Hex            4%         N/A       100%        7
 Haunt                    Necr/Summ      4%         N/A       100%        7
 Disjunction              Tloc           4%         N/A       100%        8
 Infestation              Necr           4%         N/A       100%        8
 Polar Vortex             Ice            27%        N/A       100%        9


Dungeon Overview and Level Annotations

Branches:
Dungeon (10/15)            Temple (1/1) D:5         Ossuary (visited)
 Bailey (visited)
   Lair: D:8-11         Orc: D:9-12

Altars:
Ashenzari
Cheibriados
Dithmenos
Elyvilon
Fedhas
Gozag
Hepliaklqana
Kikubaaqudgha
Makhleb
Nemelex Xobeh
Okawaru
Qazlal
Sif Muna
Trog
Uskayaw
Vehumet
Wu Jian
Xom
Zin
The Shining One
Ignis

Shops:
D:3 :

Annotations:
D:10 Fannar


Innate Abilities, Weirdness & Mutations

((You are very nimble when in or above water. (Stealth+, EV+, Speed+++)))
Your lower body shifts to a powerful aquatic tail in water.
You are partially covered in iridescent scales. (AC +2)
You expend magic power (3 MP) to strengthen your wands.
Your movements are slightly less encumbered by armour. (ER -2)


Message History

The gnoll hits you but does no damage.
The wall freezes the gnoll!
You struggle against the net.
The wall freezes the gnoll sergeant!
You kill the gnoll sergeant!
Qazlal accepts your kill. The gnoll hits you but does no damage.
The wall freezes the gnoll!
You kill the gnoll!
Qazlal accepts your kill.
You struggle against the net.
The gnoll hits you but does no damage.
You rip the net and break free!
The gnoll hits you with a +0 club.
You hit the gnoll.
You kill the gnoll!
Qazlal accepts your kill.
Your icy armour cracks and falls away as you move.
The frozen ramparts melt away as you move.
Things that are here:
a +0 club; a +0 whip; a gnoll corpse
Items here: ) [[ †.
You open the door.
There is an open door here.
Found a quarterstaff.
Fannar the Cold-Hearted comes into view.
They are wielding a +0 quarterstaff of freezing and wearing a +1 robe of cold resistance.
Found a leather armour.
Fannar shouts!
Fannar mumbles some strange words.
Fannar mumbles some strange words.
Fannar drains the heat from the surrounding environment!
You feel a terrible chill!
Fannar casts a spell.
Fannar drains the heat from the surrounding environment!
You feel a terrible chill!
Ouch! That really hurt!
* * * LOW HITPOINT WARNING * * *
Fannar gestures wildly while chanting.
Fannar says, "You will make a fine ice sculpture."
You fade into invisibility!
Fannar gestures at you while chanting.
The bolt of cold hits the ice beast.
The ice beast completely resists.
The bolt of cold hits you!!!
You feel a terrible chill!
Ouch! That really hurt!
You die...

#..........#.#########.#
#..........#...........#
#######..).#...........#
#...)####........#
#...)...#........#
#.......#........#
#.......'........#
#.......#........#
#.......#@.......#
#.......#........#
#.......#........#
#.......#........#
#.......#Y.......#
##########e.......#
#.................#
#............###..#
#............# #..#


You could see Fannar and an ice beast (summoned, wandering).

Vanquished Creatures
  Harold (D:7)
  Erica (D:9)
  2 two-headed ogres (D:8)
  A deep elf pyromancer (Bailey)
  An orc knight (Bailey)
  Maurice (D:9)
  Joseph (D:9)
  Maggie (D:8)
  A queen bee (D:8)
  A hornet (D:10)
  Prince Ribbit (D:6)
  2 wraiths (D:9)
  A shadow (D:9)
  4 yaks (D:9)
  8 orc warriors
  3 black bears
  2 ice beasts
  3 sky beasts
  An ogre (D:7)
  3 necrophages
  A centaur (D:8)
  A phantom (D:4)
  A kobold brigand (D:9)
  A bullfrog (D:9)
  A gnoll sergeant (D:10)
  A wyvern zombie (D:8)
  2 wyvern skeletons
  16 killer bees
  A vampire bat (D:7)
  8 wights (D:9)
  2 howler monkeys
  A bullfrog zombie (D:5)
  A human zombie (Ossuary)
  7 centaur zombies
  A jelly (D:7)
  2 centaur skeletons (D:7)
  A hound (D:5)
  3 iguanas
  5 orc priests
  A scorpion zombie (D:5)
  7 orc wizards
  A killer bee zombie (D:8)
  5 mummies (Ossuary)
  6 gnolls
  A howler monkey skeleton (D:4)
  5 adders
  A shadow imp (D:8)
  2 white imps (D:5)
  2 dart slugs
  28 orcs
  4 ball pythons
  2 bat skeletons (D:7)
  2 bat zombies (D:7)
  6 endoplasms
  3 giant cockroaches
  A gnoll zombie (Ossuary)
  7 goblins
  6 hobgoblins
  5 quokkas
  7 bats
  2 frilled lizards
  2 goblin zombies (Ossuary)
  A hobgoblin zombie (Ossuary)
  8 kobolds
  4 rats
214 creatures vanquished.

Vanquished Creatures (collateral kills)
  A yak (D:9)
1 creature vanquished.

Vanquished Creatures (others)
  An orc wizard (D:3)
  98 foxfires
  3 plants (D:8)
102 creatures vanquished.

Grand Total: 317 creatures vanquished

Notes
Turn   | Place    | Note
-------+----------+-------------------------------------------
     0 | D:1      | firemarshallily the Merfolk Ice Elementalist began the
                  | quest for the Orb.
     0 | D:1      | Reached XP level 1. HP: 13/13 MP: 3/3
   418 | D:1      | Reached XP level 2. HP: 18/19 MP: 0/5
   895 | D:1      | Reached XP level 3. HP: 24/24 MP: 3/6
   899 | D:1      | Learned a level 3 spell: Frozen Ramparts
   903 | D:1      | Learned a level 3 spell: Ozocubu's Armour
  1131 | D:2      | Reached skill level 5 in Ice Magic
  1201 | D:2      | Found an ancient bone altar of Kikubaaqudgha.
  1248 | D:2      | Found a faded altar of an unknown god.
  1261 | D:2      | Prayed at the altar of an unknown god.
  1261 | D:2      | Became a worshipper of Ignis, the Dying Flame
  1881 | D:3      | Reached XP level 4. HP: 30/30 MP: 6/8
  2146 | D:3      | Reached skill level 1 in Shields
  2147 | D:3      | Reached skill level 1 in Polearms
  2147 | D:3      | Reached XP level 5. HP: 25/35 MP: 1/10
  2538 | D:3      | Found Neshryac's Book Boutique.
  2627 | D:4      | Noticed a phantom
  2666 | D:4      | Killed a phantom
  2667 | D:4      | Reached XP level 6. HP: 14/41 MP: 7/11
  2687 | D:4      | Learned a level 4 spell: Hailstorm
  2921 | D:4      | Found a sand-covered staircase.
  2962 | Ossuary  | Entered an ossuary
  3005 | Ossuary  | Reached skill level 6 in Ice Magic
  3572 | Ossuary  | Reached XP level 7. HP: 15/46 MP: 6/13
  3999 | D:4      | Found a shimmering altar of Xom.
  4669 | D:5      | Entered Level 5 of the Dungeon
  5040 | D:5      | Reached skill level 7 in Ice Magic
  5101 | D:5      | Identified the +5 plate armour of Philately {Harm rPois
                  | Int+4}
  5115 | D:5      | Reached skill level 5 in Spellcasting
  5199 | D:5      | Gained mutation: You have supernaturally acute eyesight.
                  | (SInv) [potion of mutation]
  5199 | D:5      | Gained mutation: You expend magic power (3 MP) to
                  | strengthen your wands. [potion of mutation]
  5199 | D:5      | Gained mutation: Potions are less effective at restoring
                  | your health. [potion of mutation]
  5200 | D:5      | Lost mutation: You have supernaturally acute eyesight.
                  | (SInv) [potion of mutation]
  5200 | D:5      | Lost mutation: You expend magic power (3 MP) to strengthen
                  | your wands. [potion of mutation]
  5200 | D:5      | Gained mutation: You expend magic power (3 MP) to
                  | strengthen your wands. [potion of mutation]
  5200 | D:5      | Gained mutation: You are partially covered in iridescent
                  | scales. (AC +2) [potion of mutation]
  5200 | D:5      | Lost mutation: Potions are less effective at restoring your
                  | health. [potion of mutation]
  5200 | D:5      | Gained mutation: Your movements are slightly less
                  | encumbered by armour. (ER -2) [potion of mutation]
  5300 | D:5      | Reached XP level 8. HP: 45/52 MP: 15/15
  5341 | D:5      | Found a staircase to the Ecumenical Temple.
  5557 | D:5      | Learned a level 1 spell: Magic Dart
  5560 | D:5      | Learned a level 2 spell: Call Imp
  5696 | D:6      | Noticed Prince Ribbit
  5720 | D:6      | Killed Prince Ribbit
  5721 | D:6      | Reached skill level 5 in Polearms
  5791 | D:6      | Reached skill level 8 in Ice Magic
  6137 | D:6      | Found a glowing silver altar of Zin.
  6139 | D:6      | Found a white marble altar of Elyvilon.
  6140 | D:6      | Found an opulent altar of Gozag.
  6140 | D:6      | Found a bloodstained altar of Trog.
  6140 | D:6      | Found a hazy altar of Hepliaklqana.
  6141 | D:6      | Found a broken altar of Ashenzari.
  6141 | D:6      | Found an ornate altar of the Wu Jian Council.
  6404 | D:6      | Reached XP level 9. HP: 41/57 MP: 4/18
  6623 | D:7      | Reached skill level 9 in Ice Magic
  6734 | D:7      | Found a flagged portal.
  6775 | Bailey   | Entered a bailey
  7181 | Bailey   | Found a large runed translucent door.
  7181 | Bailey   | Found a large runed translucent door.
  7183 | Bailey   | Noticed a deep elf pyromancer
  7201 | Bailey   | Noticed an orc knight
  7213 | Bailey   | Killed an orc knight
  7214 | Bailey   | Reached skill level 10 in Ice Magic
  7341 | Bailey   | Killed a deep elf pyromancer
  7342 | Bailey   | Reached XP level 10. HP: 62/63 MP: 14/22
  7357 | Bailey   | Identified the ring "Xutajimo" {Fire Dex+4}
  7712 | D:7      | Noticed Harold
  7725 | D:7      | Killed Harold
  7740 | D:7      | Found an ancient bone altar of Kikubaaqudgha.
  7824 | D:7      | Found a shimmering blue altar of Sif Muna.
  7864 | D:7      | Reached skill level 11 in Ice Magic
  8088 | D:8      | Noticed Maggie
  8127 | D:8      | Killed Maggie
  8259 | D:8      | Noticed a two-headed ogre
  8273 | D:8      | Killed a two-headed ogre
  8500 | D:8      | Found a sparkling altar of Nemelex Xobeh.
  8785 | D:8      | Reached skill level 10 in Polearms
  8785 | D:8      | Reached skill level 12 in Ice Magic
  8790 | D:8      | Reached XP level 11. HP: 47/68 MP: 15/24
  8970 | D:8      | Noticed a two-headed ogre
  8980 | D:8      | Killed a two-headed ogre
  8981 | D:8      | Reached skill level 10 in Spellcasting
  9188 | D:9      | Noticed Erica
  9307 | D:9      | Killed Erica
  9657 | D:9      | Noticed Joseph
  9682 | D:9      | Killed Joseph
  9683 | D:9      | Reached skill level 1 in Fighting
 10146 | D:9      | Noticed Maurice
 10193 | D:9      | Killed Maurice
 10549 | D:10     | Entered Level 10 of the Dungeon
 10692 | Temple   | Entered the Ecumenical Temple
 10775 | Temple   | Fell from the grace of Ignis
 10775 | Temple   | Became a worshipper of Qazlal Stormbringer
 10924 | D:10     | Reached skill level 13 in Ice Magic
 11004 | D:10     | Noticed Fannar
 11022 | D:10     | Killed from afar by Fannar

Illustrated notes

Levels and vault maps discovered:
D:1:      lemuel_arrival_river_ford, layout_rooms
D:2:      layout_loops_ring, basic_altar, ebering_ecumenical_altar_rust
D:3:      layout_basic, serial_shops, nicolae_shop_trees,
          kennysheep_cross_bottleneck, small_statue_intersection
D:4:      nicolae_BIG_FREAKIN_CUBE, layout_basic, xom_teletrap_fun,
          enter_ossuary_1
D:5:      layout_gridville, minmay_temple_entry_grid
D:6:      layout_basic, grunt_temple_overflow_open, uniq_prince_ribbit1
D:7:      layout_loops_cross, kennysheep_vampire_church,
          nicolae_sif_muna_condensation, mainiacjoe_overflow_swirl,
          enter_bailey_2, uniq_harold
D:8:      layout_cave_pods, amcnicky_altar_gilded,
          nicolae_looking_at_the_future, uniq_maggie
D:9:      layout_cave_pods, minivault_4, nicolae_straight_to_the_point,
          uniq_maurice, uniq_joseph, uniq_erica
D:10:     layout_stronghold, pond, uniq_fannar
Temple:   compressed_dpeg_triangle_lava_temple

Skill      XL: |  1  2  3  4  5  6  7  8  9 10 11 |
---------------+----------------------------------+-----
Dodging        | 3 |  3.0
Ice Magic      | 5 6 7 8 10 12 13 | 13.0
Spellcasting   | 3 4 5 6 8 9 10 | 10.6
Shields        | 1 2 |  2.0
Polearms       | 1 2 3 4 6 8 10 11 | 11.0
Fighting       | 2 |  2.2
Stealth        | |  2.1

Action                   |  1- 3 |  4- 6 |  7- 9 | 10-12 || total
-------------------------+-------+-------+-------+-------++-------
Melee: Dagger            |    14 |       |       |       ||    14
       Rapier            |     9 |       |       |       ||     9
       Trident           |     2 |   111 |   264 |   350 ||   727
       Unarmed           |       |       |     2 |       ||     2
Throw: Stone             |       |       |     7 |       ||     7
       Boomerang         |       |       |       |     1 ||     1
 Cast: Freeze            |    41 |    15 |     8 |     7 ||    71
       Frozen Ramparts   |       |     6 |    36 |    37 ||    79
       Ozocubu's Armour  |       |     4 |    23 |    25 ||    52
       Magic Dart        |       |       |    16 |    15 ||    31
       Call Imp          |       |       |     8 |    10 ||    18
       Hailstorm         |       |       |     1 |       ||     1
Invok: Foxfire Swarm     |       |       |     1 |     5 ||     6
       Fiery Armour      |       |       |       |     3 ||     3
       Rising Flame      |       |       |       |     1 ||     1
  Use: Potion            |       |     3 |     2 |     2 ||     7
       Scroll            |       |     6 |     6 |     1 ||    13
 Stab: Sleeping          |     2 |     2 |     3 |     2 ||     9
       Distracted        |     1 |     1 |     1 |       ||     3
Armor: Robe              |     6 |    16 |    38 |       ||    60
       Skin              |       |    18 |       |       ||    18
       Leather armour    |       |       |    61 |    37 ||    98
       Steam dragon scal |       |       |       |   104 ||   104
Dodge: Dodged            |    38 |    57 |   119 |   178 ||   392
Block: Buckler           |     3 |    27 |    69 |    67 ||   166
